AoeStats
← Luthran

Black Forest

510741565Analyzed
4v4 RM · 1d ago on Oct 2, 2026· 36m 3s· 8 players
Game mode
Random Map
Map size
Large (8 player)
Population
200
Speed
Normal
Resources
Standard
Victory
Conquest
Starting age
Dark Age
Ending age
Imperial Age
RankedLock teamsTeams togetherTeam positionsShared explorationLock speedFull tech treeHidden civsTurbo modeCheats
Victory
Defeat
🇨🇳 Mongols · China
1382
+12
🇨🇳 Burgundians · China
1371
+12
🇨🇳 Persians · China
1340
+13
🇨🇳 Varangians · China
1339
+13
🇩🇪 Japanese · Germany
1298
-13
🇨🇦 Ethiopians · Canada
1289
-13
🇨🇳 Bengalis · China
1269
-12
🇸🇰 Danes · Slovakia
1268
-12
长相犯罪
9:57 Feudal Age
11:57 Loom
14:33 Castle Age
12:54 Double-Bit Axe
13:15 Horse Collar
15:49 Bow Saw
15:42 Heavy Plow
23:11 Wheelbarrow
28:46 Imperial Age
26:32 Hand Cart
26:03 Town Watch
27:39 Gold Mining
27:39 Stone Mining
27:56 Scale Barding Armor
28:01 Forging
29:21 Gold Shaft Mining
29:27 Chain Barding Armor
29:34 Guilds
30:26 Chemistry
30:09 Conscription
29:14 Cavalier
30:18 Bloodlines
30:09 Husbandry
30:56 Iron Casting
31:22 Plate Barding Armor
31:13 Caravan
30:36 Savar
32:10 Coinage
33:03 Blast Furnace
33:36 Two-Man Saw
34:43 Banking
36:11 Stone Shaft Mining
涅槃重生
0:29 Loom
11:21 Feudal Age
11:36 Man-at-Arms
13:09 Arson
21:04 Castle Age
20:04 Double-Bit Axe
20:01 Horse Collar
20:58 Gold Mining
25:52 Bow Saw
29:25 Wheelbarrow
29:15 Stone Mining
30:57 Heavy Plow
33:38 Caravan
34:09 Coinage
H
9:52 Feudal Age
14:18 Castle Age
12:19 Double-Bit Axe
12:33 Horse Collar
16:01 Bow Saw
21:52 Gold Mining
24:36 Gold Shaft Mining
24:11 Stone Mining
29:02 Imperial Age
27:08 Wheelbarrow
26:19 Town Watch
27:21 Stone Shaft Mining
27:09 Fletching
27:49 Bodkin Arrow
28:17 Ballistics
29:04 Bloodlines
28:55 Husbandry
29:02 Padded Archer Armor
30:05 Bracer
31:08 Chemistry
30:12 Elite Mangudai
31:55 Parthian Tactics
31:59 Conscription
32:30 Thumb Ring
33:23 Leather Archer Armor
32:32 Light Cavalry
36:50 Drill
old f1sh
6:59 Double-Bit Axe
10:29 Feudal Age
8:59 Double-Bit Axe
10:35 Horse Collar
11:25 Bow Saw
11:16 Heavy Plow
12:13 Wheelbarrow
13:49 Town Watch
15:25 Town Watch
18:29 Castle Age
16:18 Loom
18:34 Castle Age
18:25 Gold Mining
20:48 Gold Shaft Mining
23:40 Hand Cart
28:32 Imperial Age
27:29 Padded Archer Armor
28:46 Guilds
30:14 Two-Man Saw
30:21 Chemistry
30:41 Leather Archer Armor
30:26 Scale Mail Armor
30:36 Forging
31:06 Crop Rotation
33:04 Pikeman
33:45 Squires
34:01 Chain Mail Armor
35:04 Bombard Tower
35:30 Caravan
35:50 Fletching
venOm
10:25 Feudal Age
13:54 Castle Age
12:11 Double-Bit Axe
12:49 Loom
12:55 Horse Collar
14:58 Bow Saw
19:20 Stone Mining
21:40 Wheelbarrow
21:46 Gold Mining
23:58 Heavy Plow
25:44 Hand Cart
29:14 Imperial Age
26:51 Fletching
27:53 Ballistics
28:02 Scale Mail Armor
27:58 Bodkin Arrow
28:17 Guard Tower
28:09 Pikeman
28:49 Squires
29:07 Chain Mail Armor
29:03 Forging
29:24 Masonry
30:01 Bracer
31:06 Chemistry
30:10 Yasama
30:36 Conscription
30:01 Halberdier
30:14 Man-at-Arms
30:40 Gambesons
30:57 Long Swordsman
31:30 Town Watch
32:21 Padded Archer Armor
33:03 Iron Casting
32:59 Plate Mail Armor
31:59 Elite Skirmisher
33:35 Thumb Ring
33:47 Leather Archer Armor
34:21 Arrowslits
Luthran
11:37 Feudal Age
15:06 Castle Age
13:52 Double-Bit Axe
13:48 Horse Collar
22:48 Pikeman
23:28 Squires
24:57 Wheelbarrow
24:14 Loom
29:30 Hand Cart
32:50 Imperial Age
30:53 Scale Mail Armor
31:12 Gold Mining
31:41 Hand Cart
33:19 Chain Mail Armor
33:59 Gold Shaft Mining
33:00 Onager
34:02 Bow Saw
33:43 Halberdier
我是D头大哥
0:46 Loom
12:50 Feudal Age
17:43 Castle Age
15:37 Double-Bit Axe
16:40 Horse Collar
18:49 Bow Saw
24:43 Gold Mining
25:09 Heavy Plow
27:06 Gold Shaft Mining
27:24 Wheelbarrow
27:53 Fletching
28:03 Padded Archer Armor
29:22 Hand Cart
32:15 Imperial Age
30:46 Bodkin Arrow
31:07 Leather Archer Armor
31:16 Paiks
32:45 Elite Elephant Archer
35:41 Forging
35:37 Scale Barding Armor
CoronaNChill
1:16 Loom
12:14 Feudal Age
12:49 Feudal Age
14:03 Double-Bit Axe
22:07 Castle Age
21:18 Fletching
22:37 Crossbowman
23:48 Bow Saw
23:57 Bodkin Arrow
25:00 Wheelbarrow
26:42 Horse Collar
28:46 Gold Mining
29:39 Hand Cart
34:59 Imperial Age
34:00 Gold Shaft Mining
34:05 Thumb Ring
35:03 Arbalester
Connection lost

Rejoining the realm…

Still unreachable

The connection could not be restored.

Session expired

The server has moved on; the page needs a fresh start.